Map: Orbital Shipyard

Players

SpaceMarine

  • Race: Protoss Protoss

Light (SpeCial) - Winner!

  • Race: Terran Terran
  • League: Master

Event: NationWars III

VOD

Have the link to the VOD?

Description

Time

  • Played on: Dec. 11, 2015, 11:54 a.m.
  • Length: 11:55
Show
View Real Time Build Order
Export as new Build Order

SpaceMarine Protoss 

Build Orders: 1 Gate Expand 

Get SALT Encoding   

  12  0:01  Probe (Chrono Boost)  
  13  0:11  Probe (Chrono Boost)  
  14  0:17  Pylon  
  14  0:22  Probe (Chrono Boost)  
  15  0:35  Probe (Chrono Boost)  
  16  0:36  Gateway  
  16  0:42  Assimilator  
  16  0:46  Probe (Chrono Boost)  
  17  0:56  Probe (Chrono Boost)  
  18  1:07  Probe (Chrono Boost)  
  19  1:17  Probe (Chrono Boost)  
  20  1:22  Nexus  
  20  1:35  Cybernetics Core  
  20  1:36  Probe (Chrono Boost)  
  21  1:42  Assimilator  
  22  1:47  Probe (Chrono Boost)  
  22  1:52  Pylon  
  22  1:57  Probe (Chrono Boost)  
  23  2:12  Mothership Core (Chrono Boost), Warp Gate (Chrono Boost)  
  23  2:14  Adept  
  27  2:30  Probe (Chrono Boost)  
  27  2:36  Probe (Chrono Boost)  
  29  2:37  Robotics Facility  
  29  2:41  Probe (Chrono Boost)  
  30  2:46  Probe (Chrono Boost)  
  31  2:51  Probe (Chrono Boost)  
  31  2:57  Probe (Chrono Boost)  
  33  3:02  Probe (Chrono Boost)  
  34  3:07  Probe (Chrono Boost)  
  34  3:08  Gateway  
  34  3:10  Gateway  
  34  3:12  Probe (Chrono Boost)  
  36  3:17  Probe (Chrono Boost)  
  37  3:23  Probe (Chrono Boost), Warp Prism (Chrono Boost)  
  40  3:27  Probe  
  40  3:33  Pylon  
  41  3:34  Probe  
  41  3:39  Pylon  
  42  3:42  Probe, Assimilator  
  42  3:46  Probe  
  44  3:53  Assimilator  
  44  3:54  Probe (Chrono Boost)  
  44  3:55  Observer, Pylon  
  43  3:58  Probe (Chrono Boost)  
  45  4:07  Twilight Council  
  45  4:08  Probe (Chrono Boost)  
  47  4:10  Probe (Chrono Boost)  
  47  4:12  Adept x3  
  47  4:16  Observer  
  53  4:20  Probe x2 (Chrono Boost)  
  57  4:32  Probe x2 (Chrono Boost), Robotics Bay  
  58  4:43  Probe (Chrono Boost)  
  58  4:44  Probe (Chrono Boost), Immortal  
  60  4:52  Nexus  
  64  4:53  Probe (Chrono Boost)  
  64  4:56  Blink (Chrono Boost)  
  65  5:02  Probe (Chrono Boost)  
  65  5:04  Probe (Chrono Boost)  
  67  5:14  Probe  
  68  5:17  Pylon  
  68  5:22  Pylon  
  68  5:29  Probe x2  
  68  5:34  Pylon  
  68  5:35  Stalker x2  
  70  5:37  Stalker  
  74  5:47  Disruptor  
  74  5:50  Probe x2  
  79  6:02  Probe  
  79  6:03  Probe, Gateway x2  
  81  6:05  Probe, Gateway  
  81  6:10  Pylon  
  82  6:14  Probe  
  82  6:15  Probe  
  83  6:21  Stalker x3, Probe  
  83  6:22  Disruptor  
  90  6:26  Probe  
  90  6:27  Probe  
  94  6:42  Probe  
  94  6:44  Probe x2  
  94  6:45  Resonating Glaives (Chrono Boost)  
  97  6:55  Disruptor  
  97  6:58  Probe  
  97  6:59  Stalker x3  
  107  7:03  Probe  
  107  7:05  Probe  
  109  7:10  Assimilator x2  
  99  7:27  Stalker x4  
  99  7:28  Stalker  
  109  7:33  Gateway  
  109  7:36  Gateway  
  109  7:47  Pylon x2  
  109  7:49  Pylon  
  109  7:51  Pylon  
  109  7:54  Forge  
  109  8:00  Forge, Disruptor  
  109  8:01  Nexus  
  109  8:03  Probe, Pylon  
  109  8:04  Pylon  
  109  8:05  Probe x2  
  109  8:17  Adept x3  
  109  8:18  Adept x2  
  98  8:27  Photon Cannon  
  98  8:29  Probe  
  98  8:30  Probe x2  
  101  8:35  Disruptor  
  101  8:36  Protoss Ground Armor Level 1 (Chrono Boost)  
  101  8:39  Stalker x4  
  101  8:40  Stalker, Probe  
  114  8:42  Probe x2  
  117  8:55  Photon Cannon  
  110  8:57  Probe x3  
  113  9:09  Probe  
  97  9:11  Disruptor  
  97  9:15  Stalker x2  
  97  9:16  Stalker, Zealot x2  
  108  9:21  Photon Cannon  
  102  9:31  Stalker x2  
  102  9:44  Probe x2  
  103  9:46  Probe  
  105  9:56  Probe  
  105  9:58  Probe  
  102  10:00  Probe x2  
  102  10:01  Templar Archives  
  102  10:04  Sentry x2  
  102  10:06  Adept x4  
  117  10:15  Stalker  
  99  10:32  Disruptor  
  99  10:34  Stalker x5  
  99  10:35  Stalker  
  95  10:54  Adept  
  91  11:08  Stalker x6  
  90  11:17  Disruptor  
  79  11:26  Adept  
  79  11:32  Stalker x2, Adept x2  
  78  11:33  Stalker  
  78  11:39  Stalker  
Show
View Real Time Build Order
Export as new Build Order

Light Terran - Winner!

Build Orders: Liberator Opening, MMM Bio 

Get SALT Encoding   

  12  0:02  SCV  
  13  0:14  SCV  
  14  0:18  Supply Depot  
  14  0:26  SCV  
  15  0:40  SCV  
  15  0:41  Barracks  
  16  0:52  SCV  
  17  1:04  SCV  
  18  1:16  SCV  
  19  1:18  Command Center  
  19  1:29  Marine  
  19  1:31  Orbital Command  
  20  1:42  Supply Depot  
  20  1:46  Marine  
  21  1:54  Refinery  
  21  1:55  Refinery  
  21  1:58  SCV  
  22  2:04  Marine  
  23  2:10  SCV  
  24  2:22  SCV, Marine  
  26  2:31  Bunker, Orbital Command  
  26  2:34  SCV  
  27  2:42  Factory  
  27  2:46  SCV  
  27  2:50  Barracks Reactor  
  28  2:58  SCV x2  
  30  3:10  SCV x2  
  32  3:22  SCV  
  32  3:23  SCV  
  32  3:24  Factory Tech Lab  
  32  3:26  Starport, Marine x2  
  35  3:34  Supply Depot, SCV  
  35  3:35  SCV  
  37  3:43  Cyclone  
  37  3:44  Marine x2  
  37  3:46  SCV  
  37  3:47  SCV  
  44  3:52  Liberator  
  44  3:58  SCV  
  44  3:59  SCV  
  44  4:02  Marine x2  
  48  4:05  Refinery  
  48  4:07  Supply Depot  
  51  4:10  SCV  
  51  4:11  SCV  
  51  4:12  Barracks  
  51  4:14  Barracks  
  53  4:22  SCV  
  54  4:29  SCV, Marine x2  
  57  4:33  Engineering Bay  
  57  4:35  SCV  
  58  4:39  Supply Depot  
  58  4:41  SCV  
  58  4:43  Liberator  
  59  4:47  SCV, Marine x2  
  59  4:51  Supply Depot  
  62  5:00  Terran Infantry Weapons Level 1, Supply Depot  
  62  5:01  SCV x2  
  62  5:06  Marine x2  
  69  5:07  Marine  
  69  5:09  Stimpack  
  69  5:10  Factory Reactor  
  69  5:12  Marine  
  69  5:13  SCV x2  
  73  5:14  Bunker  
  73  5:19  Refinery  
  73  5:25  SCV x2  
  71  5:32  Supply Depot  
  71  5:33  Barracks Tech Lab  
  71  5:34  Marine x3  
  74  5:37  SCV x2  
  76  5:49  SCV x2  
  78  5:55  Marine x2  
  78  5:56  Marauder x2  
  84  5:57  Supply Depot  
  84  6:00  Medivac x2  
  84  6:01  Combat Shields, SCV x2  
  90  6:13  SCV x2  
  90  6:16  Missile Turret  
  90  6:18  Command Center  
  90  6:21  Marine x2  
  90  6:22  Marauder x2  
  96  6:30  Factory Reactor  
  96  6:32  Supply Depot  
  96  6:33  Barracks x2  
  96  6:34  Medivac x2  
  96  6:38  SCV  
  96  6:39  SCV  
  102  6:51  Marauder, Marine  
  102  6:52  Marauder, Marine  
  105  6:57  SCV x2  
  107  7:05  Medivac  
  107  7:07  Widow Mine  
  107  7:08  Marine, Widow Mine  
  111  7:09  Marine  
  111  7:10  Concussive Shells  
  111  7:13  Marauder  
  114  7:24  Barracks Reactor, Barracks Tech Lab  
  114  7:25  SCV x2  
  114  7:26  Marine  
  117  7:31  Orbital Command  
  117  7:34  Terran Infantry Armor Level 1  
  117  7:35  Widow Mine  
  117  7:36  Widow Mine  
  119  7:38  Marine  
  119  7:39  Marine  
  119  7:43  Medivac x2  
  127  7:45  SCV x2  
  127  7:47  Refinery  
  127  7:48  Refinery  
  127  7:50  Supply Depot  
  129  7:52  Supply Depot  
  129  7:56  SCV  
  129  7:57  SCV x2  
  132  7:59  Marine  
  133  8:08  Liberator x2  
  133  8:09  Marine  
  133  8:10  Starport  
  133  8:12  Marauder x2  
  137  8:19  Marauder, Marine  
  124  8:20  SCV  
  128  8:29  Liberator x2  
  128  8:30  Command Center  
  128  8:32  SCV  
  129  8:34  Marine x3  
  129  8:35  Marauder x2  
  129  8:40  Armory, Engineering Bay  
  136  8:44  Marine  
  143  8:52  Supply Depot, Marine x3  
  146  8:57  Liberator x2  
  142  9:04  Marine x2  
  142  9:05  Marauder x2  
  142  9:08  Barracks  
  142  9:09  Barracks  
  141  9:11  Barracks  
  147  9:22  SCV  
  147  9:23  SCV  
  149  9:27  Marine x3  
  149  9:28  Marine, Marauder x3  
  150  9:46  Marine x2  
  150  9:47  Liberator x2, Marine x2  
  150  9:49  Marauder x2  
  153  9:53  Marauder  
  157  10:04  Marine x2  
  157  10:05  Barracks Reactor, Barracks Tech Lab  
  157  10:06  Barracks Tech Lab  
  153  10:13  Marauder x2, Marine x2  
  159  10:14  Marine  
  157  10:22  Marine  
  157  10:24  Marine x2  
  157  10:25  Marauder  
  147  10:31  Marine x2  
  147  10:33  Marauder  
  147  10:34  Marauder  
  147  10:35  Marauder  
  150  10:36  Planetary Fortress  
  150  10:40  Marine  
  150  10:42  Marine x3  
  156  10:43  Marauder  
  154  10:52  Marine x2  
  154  10:53  Missile Turret, Marauder  
  154  10:54  Marauder  
  154  10:55  Marine  
  161  11:03  Marine  
  161  11:04  Marauder  
  164  11:07  Marine x2  
  164  11:08  Marauder  
  157  11:14  Marauder, Marine  
  159  11:25  Marauder, Marine  
  154  11:31  Marauder, Marine x2  
  161  11:34  Marine  
Tags
 
Add a new tag
Caveats
  • Supply blocks, unpowered buildings, or Contaminate may cause inaccurate times.
  • Supply counts are checked every 10 seconds.